 Dungeon Sprint DCSS version 0.27.1-34-g3ba077fa99 (webtiles) character file.

Game seed: 8373001995030020167

4900000 Arum the Formicid Barricade (level 27, -61/249 HPs)
             Began as a Formicid Fighter on Jan 27, 2022.
             Was the Champion of Makhleb.
             Annihilated by The Servant (117 damage)
             ... in the Dungeon (Sprint VIII: "Arena of Blood").
             The game lasted 00:02:16 (49 turns).

Arum the Formicid Barricade (Formicid Fighter)        Turns: 49, Time: 00:02:17

Health: -61/249    AC: 13    Str: 25    XL:     27
Magic:  25/50      EV: 28    Int:  8    God:    Makhleb [******]
Gold:   0          SH: 20    Dex: 19    Spells: 72/72 levels left

rFire    . . .     SeeInvis +   h - +∞ Axe of Woe
rCold    . . .     Faith    .   c - +0 kite shield
rNeg     . . .     Spirit   .   b - +0 scale mail
rPois    .         Reflect  .   (helmet unavailable)
rElec    .         Harm     .   (no cloak)
rCorr    .         Rampage  .   (no gloves)
Will     ++...                  (no boots)
Stlth    ++++++++..             (no amulet)
HPRegen  0.51/turn              (no ring)
MPRegen  0.32/turn              (no ring)

@: no status effects
A: permanent stasis, dig shafts and tunnels, antennae 3, four strong arms
a: Dig, Renounce Religion, Minor Destruction, Lesser Servant of Makhleb, Major
Destruction, Greater Servant of Makhleb


You were in the Dungeon.
You worshipped Makhleb.
Makhleb was exalted by your worship.
You visited 1 branch

Inventory:

Hand Weapons
 a - a +0 war axe
 h - the +∞ Axe of Woe (weapon)
   (You found it in the Dungeon)
Armour
 b - a +0 scale mail (worn)
 c - a +0 kite shield (worn)
Jewellery
 i - a +30 ring of slaying
Potions
 d - a potion of might
 e - a potion of curing
 f - a potion of heal wounds
 g - 2 potions of magic


   Skills:
 O Level 27 Fighting
 + Level 23.1(26.4) Short Blades
 + Level 23.1(26.4) Long Blades
 O Level 27 Axes
 + Level 23.1(27) Maces & Flails
 + Level 23.1(27) Polearms
 + Level 23.1(27) Staves
 + Level 24.7(27) Slings
 + Level 20.1 Bows
 + Level 23.1 Crossbows
 + Level 23.1(26.4) Throwing
 O Level 27 Armour
 O Level 27 Dodging
 O Level 27 Stealth
 O Level 27 Shields
 + Level 23.1 Unarmed Combat
 + Level 23.1 Spellcasting
 + Level 21.5 Conjurations
 + Level 26.5 Hexes
 + Level 23.1 Summonings
 + Level 23.1 Necromancy
 + Level 21.5 Translocations
 + Level 24.7 Transmutations
 + Level 23.1 Fire Magic
 + Level 23.1 Ice Magic
 + Level 20.1 Air Magic
 + Level 26.5 Earth Magic
 O Level 27 Poison Magic
 + Level 26.5 Invocations
 + Level 24.7 Evocations


You had 72 spell levels left.
You didn't know any spells.
Your spell library was empty.

Dungeon Overview and Level Annotations

Branches:
Dungeon (1/1)

Altars:
Makhleb

Annotations:
D The Servant


Innate Abilities, Weirdness & Mutations

You cannot be hasted, slowed, berserked, paralysed or teleported.
You can dig through walls and to a lower floor.
You have a pair of large antennae on your head. (SInv)
Your four strong arms can wield two-handed weapons with a shield.


Message History

Your Unarmed Combat skill increases to level 23!
Your Spellcasting skill increases to level 23!
Your Summonings skill increases to level 23!
Your Necromancy skill increases to level 23!
Your Fire Magic skill increases to level 23!
Your Ice Magic skill increases to level 23!
Your Air Magic skill increases to level 20!
Unknown command.
Unknown command.
Unknown command.
Unknown command.
Unknown command.
Unknown command.
Unknown command.
Unknown command.
Unknown command.
Unknown command.
Unknown command.
You slice the bag of meat!!
You cleave the bag of meat in twain.
You kill the bag of meat!
Makhleb accepts your kill.
You feel better.
The accursed appears out of thin air!
An accursed comes into view.
A meat berserker comes into view. It is wielding a +9 battleaxe.
You hear a shout! x2
The large bag of meat is engulfed in blazing flames.
You block The Servant's attack.
Unknown command.
Unknown command.
Unknown command.
Unknown command.
Unknown command.
You slash the destroyer!
You cleave the destroyer in twain.
You destroy the destroyer!
Makhleb accepts your kill.
You hear a shout! x3
The bag of meat is engulfed in blazing flames.
You hear a shout!
The Servant hits you from afar with a +9 glaive of flaming!!!!
You die...

............{..
.............
............
#..o....# .
#....)).# ...
.###...))o°###.O..
......###°)○°.....
V....._oO§@.....§
...#....@#☼§.....
#_.<._#.@.....
#.....#Vo....#
....M._..........
......###.........
.###.. ...###....
{#.. ...# .... {
#. ...# .. .....


You could see an accursed, The Servant, a large bag of meat (inner flame), a
meat berserker (berserk) and 2 bags of meat.

Vanquished Creatures
  5 vampire knights (D)
  17 ogres (D)
  6 two-headed ogres (D)
  37 orcs (D)
  3 skeletal warriors (D)
68 creatures vanquished.

Notes
Turn   | Place    | Note
-------+----------+-------------------------------------------
     0 | D        | Found the +∞ Axe of Woe
     0 | D        | Arum the Formicid Fighter began the quest for the Orb.
     0 | D        | Reached XP level 1. HP: 18/18 MP: 1/1
     2 | D        | Noticed a bag of meat
     3 | D        | Noticed a bag of meat
     4 | D        | Became a worshipper of Makhleb the Destroyer
     5 | D        | Noticed a meat berserker
     6 | D        | Noticed a bag of meat
     7 | D        | Noticed a bag of meat
     8 | D        | Noticed a meat berserker
     8 | D        | Killed a bag of meat
     8 | D        | Noticed a meat berserker
     9 | D        | Reached skill level 15 in Shields
     9 | D        | Reached XP level 2. HP: 43/43 MP: 2/2
     9 | D        | Reached XP level 3. HP: 49/49 MP: 3/3
     9 | D        | Reached XP level 4. HP: 56/56 MP: 4/4
     9 | D        | Reached XP level 5. HP: 62/62 MP: 5/5
     9 | D        | Reached XP level 6. HP: 69/69 MP: 6/6
     9 | D        | Reached XP level 7. HP: 75/75 MP: 7/7
     9 | D        | Reached XP level 8. HP: 82/82 MP: 8/8
     9 | D        | Reached XP level 9. HP: 88/88 MP: 9/9
     9 | D        | Reached XP level 10. HP: 95/95 MP: 10/10
     9 | D        | Reached XP level 11. HP: 101/101 MP: 11/11
     9 | D        | Reached XP level 12. HP: 108/108 MP: 12/12
     9 | D        | Killed a meat berserker
     9 | D        | Reached * piety under Makhleb
     9 | D        | Noticed a meat berserker
     9 | D        | Noticed a meat berserker
    10 | D        | Reached skill level 15 in Dodging
    10 | D        | Reached XP level 13. HP: 108/122 MP: 13/13
    10 | D        | Reached XP level 14. HP: 115/130 MP: 14/14
    10 | D        | Noticed a meat berserker
    10 | D        | Killed a bag of meat
    10 | D        | Noticed a meat berserker
    11 | D        | Reached XP level 15. HP: 124/139 MP: 15/15
    11 | D        | Killed a meat berserker
    11 | D        | Killed a meat berserker
    11 | D        | Reached ** piety under Makhleb
    11 | D        | Killed a meat berserker
    12 | D        | Reached XP level 16. HP: 160/160 MP: 16/16
    12 | D        | Reached XP level 17. HP: 167/167 MP: 17/17
    12 | D        | Reached XP level 18. HP: 175/175 MP: 18/18
    13 | D        | Killed a meat berserker
    13 | D        | Reached *** piety under Makhleb
    14 | D        | Reached skill level 27 in Shields
    14 | D        | Killed a meat berserker
    15 | D        | Reached skill level 27 in Fighting
    15 | D        | Reached skill level 27 in Armour
    15 | D        | Reached XP level 19. HP: 189/189 MP: 19/19
    15 | D        | Killed a meat berserker
    16 | D        | Reached skill level 27 in Axes
    16 | D        | Reached skill level 27 in Dodging
    16 | D        | Noticed a meat berserker
    16 | D        | Noticed a meat berserker
    16 | D        | Noticed a meat berserker
    17 | D        | Noticed a meat berserker
    17 | D        | Noticed a meat berserker
    18 | D        | Reached **** piety under Makhleb
    18 | D        | Noticed a destroyer
    19 | D        | Reached skill level 5 in Stealth
    19 | D        | Reached skill level 5 in Poison Magic
    19 | D        | Reached XP level 20. HP: 197/197 MP: 19/26
    19 | D        | Killed a destroyer
    20 | D        | Reached skill level 5 in Bows
    20 | D        | Reached skill level 5 in Conjurations
    20 | D        | Reached skill level 5 in Translocations
    20 | D        | Reached skill level 5 in Air Magic
    20 | D        | Reached ***** piety under Makhleb
    21 | D        | Reached XP level 21. HP: 204/204 MP: 19/31
    21 | D        | Killed a meat berserker
    22 | D        | Reached skill level 10 in Stealth
    22 | D        | Reached skill level 10 in Hexes
    22 | D        | Reached skill level 10 in Earth Magic
    22 | D        | Reached skill level 10 in Poison Magic
    22 | D        | Reached skill level 10 in Invocations
    22 | D        | Noticed a destroyer
    22 | D        | Killed a meat berserker
    22 | D        | Killed a meat berserker
    22 | D        | Killed a destroyer
    22 | D        | Noticed a large bag of meat
    23 | D        | Reached skill level 10 in Bows
    23 | D        | Reached skill level 10 in Conjurations
    23 | D        | Reached skill level 10 in Translocations
    23 | D        | Reached skill level 10 in Air Magic
    23 | D        | Reached XP level 22. HP: 212/212 MP: 19/37
    23 | D        | Reached XP level 23. HP: 219/219 MP: 19/38
    23 | D        | Noticed a large bag of meat
    23 | D        | Noticed a destroyer
    24 | D        | Reached skill level 15 in Stealth
    24 | D        | Reached skill level 15 in Poison Magic
    24 | D        | Reached ****** piety under Makhleb
    25 | D        | Reached skill level 15 in Hexes
    25 | D        | Reached skill level 15 in Earth Magic
    25 | D        | Reached skill level 15 in Invocations
    25 | D        | Reached XP level 24. HP: 227/227 MP: 19/40
    25 | D        | Noticed a destroyer
    25 | D        | Noticed a large bag of meat
    25 | D        | Noticed a large bag of meat
    27 | D        | Killed a large bag of meat
    27 | D        | Noticed a large bag of meat
    28 | D        | Reached skill level 15 in Slings
    28 | D        | Reached skill level 15 in Transmutations
    28 | D        | Reached skill level 15 in Evocations
    28 | D        | Reached XP level 25. HP: 200/234 MP: 20/41
    29 | D        | Killed a destroyer
    29 | D        | Killed a large bag of meat
    30 | D        | Reached XP level 26. HP: 230/242 MP: 21/43
    31 | D        | Reached skill level 15 in Conjurations
    31 | D        | Reached skill level 15 in Translocations
    32 | D        | Killed a large bag of meat
    32 | D        | Noticed a large bag of meat
    33 | D        | Reached skill level 15 in Bows
    33 | D        | Reached skill level 15 in Air Magic
    33 | D        | Reached XP level 27. HP: 222/249 MP: 21/44
    33 | D        | Noticed The Servant
    34 | D        | Noticed a large bag of meat
    36 | D        | Killed a large bag of meat
    40 | D        | Noticed a destroyer
    40 | D        | Noticed a destroyer
    42 | D        | Killed a large bag of meat
    42 | D        | Killed a destroyer
    42 | D        | Killed a large bag of meat
    43 | D        | Reached skill level 27 in Stealth
    43 | D        | Reached skill level 27 in Poison Magic
    49 | D        | Noticed an accursed
    49 | D        | Killed a destroyer
    49 | D        | Annihilated by The Servant

Illustrated notes

Levels and vault maps discovered:
D:        meatsprint

Skill      XL: |  1  2  3  4  5  6  7  8  9 10 11 12 13 14 15 16 17 18 19 20 21 22 23 24 25 26 27 |
---------------+----------------------------------------------------------------------------------+-----
Fighting       | 14 18 19 24 27 | 27.0
Axes           | 13 16 17 22 25 27 | 27.0
Armour         | 14 18 19 24 27 | 27.0
Dodging        | 12 15 16 21 24 27 | 27.0
Shields        | 15 19 20 26 27 | 27.0
Short Blades   | 4 7 11 13 14 16 17 23 | 23.1
Long Blades    | 4 7 11 13 14 16 17 23 | 23.1
Maces & Flails | 4 7 11 13 14 16 17 23 | 23.1
Polearms       | 4 7 11 13 14 16 17 23 | 23.1
Staves         | 4 7 11 13 14 16 17 23 | 23.1
Slings         | 4 7 12 14 15 17 19 24 | 24.7
Bows           | 3 5 10 11 12 13 15 20 | 20.1
Crossbows      | 4 7 11 13 14 16 17 23 | 23.1
Throwing       | 4 7 11 13 14 16 17 23 | 23.1
Stealth        | 5 9 14 16 18 19 22 27 | 27.0
Unarmed Combat | 4 7 11 13 14 16 17 23 | 23.1
Spellcasting   | 4 7 11 13 14 16 17 23 | 23.1
Conjurations   | 3 6 10 12 13 14 16 21 | 21.5
Hexes          | 4 8 13 15 17 18 20 26 | 26.5
Summonings     | 4 7 11 13 14 16 17 23 | 23.1
Necromancy     | 4 7 11 13 14 16 17 23 | 23.1
Translocations | 3 6 10 12 13 14 16 21 | 21.5
Transmutations | 4 7 12 14 15 17 19 24 | 24.7
Fire Magic     | 4 7 11 13 14 16 17 23 | 23.1
Ice Magic      | 4 7 11 13 14 16 17 23 | 23.1
Air Magic      | 3 5 10 11 12 13 15 20 | 20.1
Earth Magic    | 4 8 13 15 17 18 20 26 | 26.5
Poison Magic   | 5 9 14 16 18 19 22 27 | 27.0
Invocations    | 4 8 13 15 17 18 20 26 | 26.5
Evocations     | 4 7 12 14 15 17 19 24 | 24.7

Action                   |  1- 3 |  4- 6 |  7- 9 | 10-12 | 13-15 | 16-18 | 19-21 | 22-24 | 25-27 || total
-------------------------+-------+-------+-------+-------+-------+-------+-------+-------+-------++-------
Melee: Executioner's axe |     1 |       |       |     1 |     2 |     2 |     6 |     4 |    19 ||    35
Dodge: Dodged            |       |       |       |       |       |     1 |       |     1 |       ||     2
Block: Kite shield       |     1 |       |       |       |       |     1 |     1 |       |     3 ||     6
